AoeStats
← wat!

Arena

510141863Analyzed
3v3 RM · 2d ago on Sep 29, 2026· 88m 51s· 6 players
Game mode
Random Map
Map size
Normal (6 player)
Population
200
Speed
Normal
Resources
Standard
Victory
Conquest
Starting age
Dark Age
Ending age
Imperial Age
RankedLock teamsTeams togetherTeam positionsShared explorationLock speedFull tech treeHidden civsTurbo modeCheats
Victory
Defeat
🇫🇮 Varangians · Finland
871
+11
🇹🇷 Burmese · Türkiye
824
+13
🇿🇦 Bengalis · South Africa
789
+14
🇨🇭 Georgians · Switzerland
769
-13
🇦🇹 Persians · Austria
755
-13
🇨🇭 Muisca · Switzerland
746
-12
hattivatti266
10:44 Feudal Age
14:26 Castle Age
12:52 Double-Bit Axe
12:51 Horse Collar
17:52 Bow Saw
18:13 Loom
19:23 Heavy Plow
20:11 Gold Mining
21:40 Stone Mining
23:13 Wheelbarrow
24:46 Hand Cart
26:21 Bloodlines
31:08 Imperial Age
28:40 Devotion
30:06 Scale Barding Armor
30:28 Forging
31:41 Husbandry
31:09 Cavalier
31:18 Vendel Legacy
33:17 Iron Casting
33:22 Fortified Wall
33:33 Ballistics
33:54 Chain Barding Armor
35:23 Two-Man Saw
33:55 Light Cavalry
36:15 Blast Furnace
35:40 Capped Ram
35:45 Onager
36:36 Siege Ram
36:59 Elite Jarl
38:26 Crop Rotation
44:06 Plate Barding Armor
43:32 Padded Archer Armor
43:36 Scale Mail Armor
45:51 Heavy Scorpion
47:39 Fletching
48:33 Pikeman
50:37 Chain Mail Armor
56:48 Plate Mail Armor
59:24 Halberdier
60:50 Bodkin Arrow
65:41 Man-at-Arms
69:50 Guilds
75:19 Heated Shot
76:30 Chemistry
77:49 Gothikon
80:33 Murder Holes
81:00 Shipwright
80:52 Careening
80:22 Treadmill Crane
88:11 Long Swordsman
bon sian son
2:50 Loom
12:25 Feudal Age
12:32 Feudal Age
13:10 Horse Collar
21:03 Castle Age
22:21 Light Cavalry
22:42 Pikeman
24:17 Wheelbarrow
23:51 Heavy Plow
24:13 Scale Barding Armor
26:31 Bloodlines
27:26 Husbandry
28:26 Town Watch
29:06 Chain Barding Armor
29:38 Fletching
32:40 Imperial Age
30:41 Squires
31:38 Manipur Cavalry
33:14 Capped Ram
34:34 Hand Cart
34:22 Town Patrol
35:07 Man-at-Arms
35:48 Hussar
36:18 Long Swordsman
37:32 Forging
37:58 Fortified Wall
38:21 Howdah
38:38 Two-Handed Swordsman
40:12 Iron Casting
39:58 Scale Mail Armor
40:23 Murder Holes
41:24 Caravan
42:28 Blast Furnace
41:38 Champion
43:27 Chain Barding Armor
43:40 Siege Engineers
44:38 Crop Rotation
45:10 Masonry
45:06 Howdah
45:52 Halberdier
46:20 Arson
46:15 Elite Battle Elephant
46:29 Crossbowman
48:08 Padded Archer Armor
49:08 Theocracy
49:04 Illumination
49:30 Chain Mail Armor
50:50 Block Printing
50:45 Redemption
51:28 Plate Mail Armor
55:24 Plate Barding Armor
56:17 Bodkin Arrow
56:58 Architecture
59:02 Ballistics
61:05 Fervor
61:23 Sanctity
62:25 Chemistry
69:08 Bracer
70:55 Gambesons
Hondkop
0:30 Loom
10:20 Feudal Age
16:15 Castle Age
17:39 Wheelbarrow
16:51 Double-Bit Axe
16:49 Horse Collar
26:09 Hand Cart
27:46 Heavy Plow
27:59 Bow Saw
32:18 Imperial Age
29:43 Fletching
29:54 Padded Archer Armor
30:00 Scale Barding Armor
31:58 Bloodlines
31:50 Husbandry
32:05 Bodkin Arrow
32:31 Chain Barding Armor
32:26 Forging
32:39 Elite Elephant Archer
34:39 Bracer
36:05 Two-Man Saw
37:00 Ballistics
37:40 Chemistry
36:52 Fortified Wall
36:38 Murder Holes
38:43 Conscription
40:09 Siege Elephant
41:17 Paiks
41:38 Mahayana
41:03 Elite Battle Elephant
42:01 Caravan
45:19 Leather Archer Armor
45:39 Iron Casting
45:44 Plate Barding Armor
45:11 Scale Mail Armor
47:09 Town Watch
48:01 Ring Archer Armor
48:07 Iron Casting
47:01 Elite Skirmisher
53:05 Blast Furnace
52:21 Chain Mail Armor
52:20 Siege Engineers
52:08 Heated Shot
52:28 Masonry
56:47 Architecture
66:23 Pikeman
66:48 Gambesons
67:04 Squires
66:52 Arson
67:13 Town Patrol
70:56 Halberdier
84:17 Guilds
30 sheeps
10:24 Loom
12:09 Feudal Age
16:10 Castle Age
13:55 Horse Collar
14:11 Double-Bit Axe
18:49 Heavy Plow
19:24 Town Watch
20:14 Wheelbarrow
21:18 Fervor
24:14 Gold Mining
24:14 Stone Mining
25:51 Hand Cart
27:01 Gold Shaft Mining
27:01 Stone Shaft Mining
26:58 Bow Saw
30:13 Town Patrol
32:43 Imperial Age
30:20 Town Patrol
31:30 Masonry
32:20 Caravan
33:25 Guilds
34:17 Two-Man Saw
33:49 Crop Rotation
33:52 Architecture
34:23 Chemistry
34:48 Murder Holes
35:14 Ballistics
34:45 Fletching
35:01 Scale Barding Armor
35:06 Forging
35:28 Capped Ram
35:59 Guard Tower
36:34 Chain Barding Armor
36:09 Bodkin Arrow
38:02 Iron Casting
37:43 Bloodlines
37:34 Husbandry
36:54 Cavalier
37:59 Conscription
38:14 Hoardings
38:55 Plate Barding Armor
38:41 Siege Ram
38:42 Onager
39:25 Scale Mail Armor
39:25 Padded Archer Armor
38:48 Pikeman
39:29 Squires
40:56 Coinage
41:28 Elite War Elephant
42:19 Citadels
41:32 Savar
48:51 Blast Furnace
48:06 Chain Mail Armor
47:56 Kamandaran
48:03 Devotion
49:05 Faith
49:01 Block Printing
48:41 Herbal Medicine
49:22 Theocracy
50:14 Banking
75:29 Spies/Treason
79:47 Sappers
82:04 Plate Mail Armor
81:50 Leather Archer Armor
80:56 Halberdier
81:22 Arson
81:22 Gambesons
80:58 Man-at-Arms
83:58 Heavy Scorpion
wat!
12:19 Feudal Age
16:03 Castle Age
13:54 Double-Bit Axe
14:29 Horse Collar
14:35 Loom
17:02 Stone Mining
19:40 Squires
24:13 Bow Saw
26:09 Wheelbarrow
26:51 Heavy Plow
29:50 Gold Mining
30:06 Scale Mail Armor
30:16 Forging
33:56 Imperial Age
30:56 Pikeman
32:30 Chain Mail Armor
32:50 Iron Casting
35:04 Siege Engineers
35:11 Masonry
35:08 Siege Engineers
35:47 Conscription
36:06 Hoardings
37:04 Hand Cart
39:43 Crop Rotation
40:14 Two-Man Saw
40:14 Gold Shaft Mining
40:36 Plate Mail Armor
39:36 Elite Temple Guard
43:01 Treadmill Crane
43:17 Murder Holes
44:30 Herbalism
44:36 Huaracas
45:06 Fletching
47:13 Champi Runner
49:01 Chemistry
48:22 Ballistics
47:52 Guard Tower
48:17 Redemption
48:07 Devotion
49:30 Stone Shaft Mining
51:23 Elite Guecha Warrior
51:52 Champi Warrior
52:45 Bodkin Arrow
52:50 Padded Archer Armor
52:41 Town Watch
53:40 Elite Champi Warrior
54:19 Onager
54:19 Capped Ram
55:41 Keep
55:17 Clinker Construction
55:17 Careening
55:30 Faith
55:22 Fervor
55:40 Illumination
61:02 Town Patrol
62:06 Leather Archer Armor
61:51 Bracer
62:13 Elite Skirmisher
62:13 Crossbowman
62:59 Thumb Ring
63:28 Dry Dock
63:11 Atonement
63:27 Block Printing
63:08 Herbal Medicine
63:48 Theocracy
62:39 Heavy Scorpion
64:05 Coinage
65:39 Sanctity
65:07 Arbalester
80:57 Siege Onager
88:29 Banking
Profis
11:13 Feudal Age
15:26 Castle Age
14:06 Horse Collar
14:15 Double-Bit Axe
20:32 Heavy Plow
21:32 Loom
23:40 Caravan
24:11 Gold Mining
24:12 Stone Mining
24:33 Bow Saw
25:23 Guard Tower
25:30 Murder Holes
26:10 Fortified Wall
29:21 Imperial Age
27:27 Wheelbarrow
27:35 Ballistics
27:26 Masonry
26:59 Treadmill Crane
27:42 Ballistics
27:33 Masonry
29:32 Hand Cart
29:02 Town Watch
32:16 Town Patrol
32:48 Svan Towers
33:19 Hoardings
33:05 Conscription
34:16 Chemistry
33:51 Keep
33:09 Fletching
33:27 Scale Barding Armor
33:33 Forging
33:12 Arrowslits
34:14 Architecture
36:26 Chain Barding Armor
36:04 Bodkin Arrow
36:44 Iron Casting
36:09 Murder Holes
36:39 Chain Barding Armor
37:15 Bracer
37:54 Iron Casting
37:39 Chain Barding Armor
38:50 Elite Monaspa
42:23 Plate Barding Armor
42:49 Blast Furnace
44:55 Scale Mail Armor
44:58 Padded Archer Armor
49:26 Guilds
64:07 Squires
63:27 Pikeman
63:52 Gambesons
63:53 Arson
64:15 Scale Mail Armor
64:17 Halberdier
69:14 Chain Mail Armor
86:00 Onager
87:17 Siege Onager
Connection lost

Rejoining the realm…

Still unreachable

The connection could not be restored.

Session expired

The server has moved on; the page needs a fresh start.